 Dungeon Crawl Stone Soup version 0.30-a0-304-gdc4b735fe1 (webtiles) character file.

Game seed: 18035033797259375653

672 Sobieck the Sneak (level 7, 0/41 HPs)
             Began as a Kobold Earth Elementalist on Oct 20, 2022.
             Killed by nerve-wracking pain
             ... invoked by an orc priest
              (2 damage)
             ... on level 5 of the Dungeon.
             The game lasted 00:09:21 (5540 turns).

Sobieck the Sneak (Kobold Earth Elementalist)       Turns: 5540, Time: 00:09:22

Health: 0/41       AC:  7    Str:  5    XL:     7   Next: 90%
Magic:  1/13       EV: 16    Int: 19    God:
Gold:   207        SH:  5    Dex: 24    Spells: 8/14 levels left

rFire   . . .      SeeInvis .    a - +3 dagger {short}
rCold   + . .      Faith    .    (no shield)
rNeg    . . .      Spirit   .    r - +0 robe
rPois   .          Reflect  +    (no helmet)
rElec   .          Harm     .    F - +0 cloak
rCorr   .          Rampage  .    (no gloves)
Will    .....                    (no boots)
Stlth   ++++++....               s - amulet of reflection
HPRegen 0.26/turn                t - +6 ring of dexterity
MPRegen 0.13/turn                q - ring "Beadd" {rC+ AC+4 Dex+3 Stlth+}

@: no status effects
A: small, no large weapons, nightstalker 3
a: no special abilities


You were on level 5 of the Dungeon.
You visited 1 branch of the dungeon, and saw 5 of its levels.

You collected 207 gold pieces.


Innate Abilities, Weirdness & Mutations

You are small and have problems with some larger weapons.
You are completely attuned to the shadows.


   Skills:
 - Level 3.0 Fighting
 - Level 3.0 Short Blades
 - Level 3.0 Dodging
 + Level 5.5 Stealth
 + Level 4.1 Spellcasting
 + Level 2.8 Conjurations
 - Level 1.0 Transmutations
 + Level 4.6 Earth Magic


You had 8 spell levels left.
You knew the following spells:

 Your Spells              Type           Power      Damage    Failure   Level
a - Sandblast             Erth           42%        2d11      1%          1
b - Passwall              Tmut/Erth      11%        N/A       6%          2
c - Stone Arrow           Conj/Erth      36%        3d9       9%          3

Your spell library contained the following spells:

 Spells                   Type           Power      Damage    Failure   Level
 Petrify                  Tmut/Erth      14%        N/A       38%         4

Inventory:

Hand Weapons
 a - a +3 dagger (weapon) {short}
   (You took it off a goblin on level 3 of the Dungeon)
 b - a +0 dagger of venom {short}
   (You found it on level 4 of the Dungeon)
 c - a +0 hand axe {axe}
   (You found it on level 1 of the Dungeon)
 u - a +0 dagger {short}
   (You took it off a goblin on level 1 of the Dungeon)
 x - a +2 dagger of draining {short}
   (You found it on level 2 of the Dungeon)
Missiles
 e - 57 stones {throwing}
 K - 3 boomerangs {throwing}
Armour
 f - a +0 ring mail
   (You found it on level 4 of the Dungeon)
 g - a +0 leather armour
   (You took it off an orc on level 4 of the Dungeon)
 k - a +0 robe
   (You took it off an orc wizard on level 4 of the Dungeon)
 n - a +0 robe
   (You found it on level 1 of the Dungeon)
 o - a +0 ring mail
   (You found it on level 1 of the Dungeon)
 p - a +0 leather armour
   (You found it on level 1 of the Dungeon)
 r - a +0 robe (worn)
 w - a +0 robe
   (You found it on level 2 of the Dungeon)
 B - a +0 ring mail
   (You took it off an orc on level 4 of the Dungeon)
 E - a +0 ring mail
   (You found it on level 3 of the Dungeon)
 F - a +0 cloak (worn)
   (You found it on level 4 of the Dungeon)
 I - a +0 ring mail
   (You found it on level 5 of the Dungeon)
Magical Staves
 d - a staff of poison {!astaff}
   (You found it on level 1 of the Dungeon)
Jewellery
 q - the ring "Beadd" (right hand) {rC+ AC+4 Dex+3 Stlth+}
   (You took it off a kobold on level 4 of the Dungeon)

   [ring of protection]

   AC:        It affects your AC (+4).
   Dex:       It affects your dexterity (+3).
   rC:        It protects you from cold.
   Stlth:     It makes you more stealthy.
 s - an amulet of reflection (around neck)
   (You found it on level 2 of the Dungeon)
 t - a +6 ring of dexterity (left hand)
   (You found it on level 2 of the Dungeon)
 y - a ring of fire
   (You found it on level 3 of the Dungeon)
 G - a ring of protection from fire
   (You found it on level 4 of the Dungeon)
Scrolls
 l - a scroll of fear
 z - 4 scrolls of butterflies
 J - a scroll of acquirement {unknown}
Potions
 h - 3 potions of curing {@q1}
 i - a potion of heal wounds {unknown}
 j - 4 potions of brilliance
 m - 2 potions of mutation {!q}
 v - 3 potions of might
 A - 2 potions of magic
 C - a potion of haste {@q3}
 D - a potion of flight {unknown}
 H - a potion of attraction {unknown}

Dungeon Overview and Level Annotations

Branches:
Dungeon (5/15) Zot: 24394
 Temple: D:4-7

Altars:

Annotations:
D:3 exclusion: 2 black bears
D:5 4 runed translucent doors, Edmund

### #.....# #........# #. #
#..<..## ##......# #. # #......##
#.....## ##. # ##.......##
#....## #.. # ###..........
.....######.. #####............
.........##.. ..#..............
.........#...
......###.....######..######.....
....### #....##.@o.### ##....
..### #....#.#.##.# #.#.. ..#
#....#.#..# #.... ..#
###....#.###.. #.... ..#
###......#.#.##. #...#
..###........##.#.# ##...#
........####..###)# #+###.....
......### ##.....### #.........
<....## ##...##8( 8##.....#..


You could see an orc priest (fast).


Message History

Danger!
The blast of sand hits the worm!
Unknown command.
The blast of sand hits the worm.
Unknown command.
The blast of sand hits the worm!
You kill the worm!
Unknown command.
A hound comes into view.
Danger!
The blast of sand misses the hound.
Unknown command.
The blast of sand hits the hound!
The hound bites you but does no damage.
Unknown command.
The blast of sand hits the hound!
You kill the hound!
Unknown command.
A hound comes into view.
Danger!
The blast of sand hits the hound!
The hound barks!
The blast of sand hits the hound!
You kill the hound!
Unknown command.
You see here a worm corpse.
You see here a worm corpse.
A black bear comes into view.
Danger!
You miscast Sandblast.
You are very lightly contaminated with residual magic.
Nothing appears to happen.
Unknown command.
The blast of sand hits the black bear!
Unknown command.
The blast of sand hits the black bear.
The black bear goes berserk!
The blast of sand hits the black bear.
You kill the black bear!
Your Spellcasting skill increases to level 4!
Unknown command.
Unknown command.
Your magical contamination has completely faded away.
You start resting.
Unknown command.
Unknown command.
There is an open door here.
Things that are here:
a +0 giant spiked club {mace}; an iguana skeleton An orc priest comes into view.
It is wielding a +0 antimagic arbalest.
The orc priest moves out of view.
Unknown command.
Danger!
The blast of sand hits the orc priest but does no damage.
The orc priest shouts!
The orc priest shoots a bolt.
The bolt closely misses you.
The orc priest drinks a potion.
The orc priest seems to speed up.
Unknown command.
The blast of sand hits the orc priest but does no damage.
The orc priest shoots a bolt.
The bolt completely misses you.
Unknown command.
The blast of sand hits the orc priest but does no damage.
The orc priest shoots a bolt.
The bolt barely misses you.
The orc priest shoots a bolt.
You reflect the bolt off an invisible shield around you!
The bolt barely misses the orc priest.
The orc priest looks encouraged for a moment.
The blast of sand hits the orc priest but does no damage.
The orc priest shoots a bolt.
The bolt hits you!
You feel your power leaking away.
The orc priest shoots a bolt.
The bolt hits you!
* * * LOW HITPOINT WARNING * * *
You feel your power leaking away.
You are too injured to fight recklessly!
Unknown command.
Unknown command.
The orc priest shoots a bolt.
The bolt hits you but does no damage.
The orc priest unwields a +0 antimagic arbalest.
The orc priest wields a +2 vorpal hand axe.
You block the orc priest's attack. The orc priest barely misses you.
Unknown command.
You hit the orc priest. The orc priest completely misses you.
You hit the orc priest but do no damage.
The orc priest closely misses you.
Unknown command.
You hit the orc priest but do no damage.
The orc priest mumbles some strange prayers to Beogh against you.
Beogh smites you!
* * * LOW HITPOINT WARNING * * *
You hit the orc priest but do no damage.
The orc priest hits you but does no damage.
The orc priest hits you with a +2 vorpal hand axe.
* * * LOW HITPOINT WARNING * * *
x2 Unknown command.
You hit the orc priest. The orc priest completely misses you.
Unknown command.
You hit the orc priest.
The orc priest calls down the wrath of Beogh upon you.
Pain shoots through your body!
You die...

Skill      XL: |  1  2  3  4  5  6  7 |
---------------+----------------------+-----
Stealth        | 3 4 5 |  5.5
Fighting       | 1 2 3 |  3.0
Dodging        | 3 |  3.0
Short Blades   | 1 2 3 |  3.0
Conjurations   | 1 2 |  2.8
Spellcasting   | 3 4 |  4.1
Earth Magic    | 4 |  4.6
Transmutations | |  1.0

Action                   |  1- 3 |  4- 6 |  7- 9 || total
-------------------------+-------+-------+-------++-------
Melee: Hand axe          |     4 |       |       ||     4
       Dagger            |     1 |    23 |     6 ||    30
 Cast: Sandblast         |    45 |    59 |    30 ||   134
       Passwall          |       |     4 |       ||     4
       Stone Arrow       |       |     1 |       ||     1
  Use: Scroll            |       |    11 |       ||    11
 Stab: Sleeping          |       |     6 |       ||     6
Armor: Robe              |     2 |     6 |     5 ||    13
Dodge: Dodged            |    14 |    33 |    18 ||    65
Block: Other             |     1 |     6 |     7 ||    14
       Reflection        |       |       |     1 ||     1

Levels and vault maps discovered:
D:1:      ncdulo_smallfort, layout_basic, lemuel_flame_loot_1
D:2:      layout_basic
D:3:      layout_basic, minmay_surrounded
D:4:      layout_basic
D:5:      layout_layer_cave, worldfamousw_hep_ancestral_shrine,
          minmay_hollow_rounded_squares, uniq_edmund

Notes
Turn   | Place    | Note
-------+----------+-------------------------------------------
     0 | D:1      | Sobieck the Kobold Earth Elementalist began the quest for
                  | the Orb.
     0 | D:1      | Reached XP level 1. HP: 10/10 MP: 3/3
   308 | D:1      | Reached XP level 2. HP: 15/16 MP: 0/5
   416 | D:1      | Reached skill level 3 in Stealth
  1115 | D:1      | Learned a level 2 spell: Passwall
  1251 | D:1      | Reached XP level 3. HP: 20/20 MP: 3/6
  1396 | D:2      | Reached skill level 1 in Fighting
  2042 | D:2      | Learned a level 3 spell: Stone Arrow
  2763 | D:3      | Noticed a black bear
  2881 | D:3      | Reached skill level 3 in Dodging
  2881 | D:3      | Reached XP level 4. HP: 25/25 MP: 4/7
  3298 | D:4      | Reached skill level 1 in Short Blades
  3298 | D:4      | Reached XP level 5. HP: 30/30 MP: 4/9
  3348 | D:4      | Reached skill level 1 in Conjurations
  3416 | D:4      | Reached skill level 2 in Fighting
  3494 | D:4      | Identified the ring "Beadd" {rC+ AC+4 Dex+3 Stlth+}
  3504 | D:4      | Reached skill level 3 in Spellcasting
  3800 | D:4      | Reached skill level 4 in Stealth
  3998 | D:4      | Reached XP level 6. HP: 35/35 MP: 7/10
  4143 | D:4      | Noticed an ogre
  4224 | D:4      | Killed an ogre
  4225 | D:4      | Reached skill level 2 in Short Blades
  4225 | D:4      | Reached skill level 4 in Earth Magic
  4464 | D:5      | Entered Level 5 of the Dungeon
  4464 | D:5      | Noticed Edmund
  4724 | D:5      | Reached skill level 2 in Conjurations
  4724 | D:5      | Reached XP level 7. HP: 25/40 MP: 3/12
  4879 | D:5      | Found a large runed translucent door.
  4879 | D:5      | Found a large runed translucent door.
  4918 | D:5      | Found a large runed translucent door.
  5050 | D:5      | Found a large runed translucent door.
  5093 | D:5      | Reached skill level 3 in Short Blades
  5110 | D:5      | Reached skill level 3 in Fighting
  5110 | D:5      | Reached skill level 5 in Stealth
  5173 | D:5      | Noticed a two-headed ogre
  5473 | D:5      | Reached skill level 4 in Spellcasting
  5537 | D:5      | HP: 7/41 [orc priest/divine providence (14)]
  5538 | D:5      | HP: 3/41 [orc priest/+2 vorpal hand axe (5)]
  5540 | D:5      | Killed from afar by an orc priest

Vanquished Creatures
  2 ogres
  A black bear (D:5)
  4 hounds (D:5)
  A jelly (D:4)
  4 iguanas
  An orc wizard (D:4)
  3 gnolls (D:4)
  3 adders
  A worm (D:5)
  2 dart slugs (D:3)
  7 orcs
  8 ball pythons
  6 endoplasms
  2 giant cockroaches (D:1)
  8 goblins
  6 hobgoblins
  2 jackals (D:4)
  A quokka (D:2)
  A bat (D:3)
  8 kobolds
  4 rats
75 creatures vanquished.

Table legend:
 A = Non-vault XP
 B = Vault XP
 C = Vault XP percentage of total XP
 D = Non-vault monster count
 E = Vault monster count
 F = Vault count percentage of total count
                 A         B        C        D         E       F
            +---------+---------+-------+---------+---------+-------
      Total |     627 |     333 |  34.7 |      68 |       7 |   9.3
            +---------+---------+-------+---------+---------+-------
        D:1 |      29 |       0 |   0.0 |      17 |       0 |   0.0
        D:2 |      15 |       0 |   0.0 |       9 |       0 |   0.0
        D:3 |      20 |      16 |  44.4 |      10 |       3 |  23.1
        D:4 |     336 |       0 |   0.0 |      24 |       0 |   0.0
        D:5 |     227 |     317 |  58.3 |       8 |       4 |  33.3
            +---------+---------+-------+---------+---------+-------

Illustrated notes

Table legend:
 A = Kills in this place as a percentage of kills in entire the game.
 B = Kills by you in this place as a percentage of kills by you in the entire game.
 C = Kills by friends in this place as a percentage of kills by friends in the entire game.
 D = Other kills in this place as a percentage of other kills in the entire game.
 E = Experience gained in this place as a percentage of experience gained in the entire game.
 F = Experience gained in this place divided by the number of levels of this place that you have seen.
                   A       B       C       D       E      F
               +-------+-------+-------+-------+-------+----------------------
         Total | 100.0 | 100.0 |   N/A |   N/A | 100.0 | 192.0
       Dungeon | 100.0 | 100.0 |   N/A |   N/A | 100.0 | 192.0
               +-------+-------+-------+-------+-------+----------------------

Table legend: (Time is in decaauts)
 A = Elapsed time spent in this place.
 B = Non-inter-level travel time spent in this place.
 C = Inter-level travel time spent in this place.
 D = Time resting spent in this place.
 E = Time spent auto-exploring this place.
 F = Levels seen in this place.
 G = Mean time per level.
                   A        B        C        D        E       F      G
               +--------+--------+--------+--------+--------+-----+--------+
         Total |   5604 |   5353 |    251 |    377 |   4232 |   5 | 1120.8 |
       Dungeon |   5604 |   5353 |    251 |    377 |   4232 |   5 | 1120.8 |
               +--------+--------+--------+--------+--------+-----+--------+

Top non-repeatable levels by time:
     D:1: 1346 daAuts
     D:4: 1306 daAuts
     D:2: 1141 daAuts
     D:5: 998 daAuts
     D:3: 812 daAuts
